 Dungeon Crawl Stone Soup version 0.27.1-1-g398f81649c (webtiles) character file.

Game seed: 12347999726939647809

212 MajorAdolf the Sneak (level 5, -3/50 HPs)
             Began as a Naga Wanderer on Sept 20, 2021.
             Slain by a crimson imp (15 damage)
             ... on level 3 of the Dungeon.
             The game lasted 00:02:37 (2555 turns).

MajorAdolf the Sneak (Naga Wanderer)                Turns: 2555, Time: 00:02:38

Health: -3/50      AC:  3    Str: 13    XL:     5   Next: 89%
Magic:  8/8        EV: 14    Int: 14    God:
Gold:   59         SH:  0    Dex: 11    Spells: 8/8 levels left

rFire    . . .     SeeInvis +   g - +2 hand axe (venom)
rCold    + . .     Faith    .   (no shield)
rNeg     . . .     Spirit   .   d - +0 robe
rPois    +         Reflect  .   e - +0 helmet
rElec    .         Harm     .   (no cloak)
rCorr    .         Rampage  .   (no gloves)
Will     .....                  (no barding)
Stlth    +++.......             (no amulet)
HPRegen  0.16/turn              l - ring of protection from cold
MPRegen  0.11/turn              (no ring)

@: agile, very slow
A: AC +1, large, see invisible, deformed body, poison resistance, slowness 2,
spit poison 1, naga tail 1
a: Spit Poison


You were on level 3 of the Dungeon.
You visited 1 branch of the dungeon, and saw 3 of its levels.

You collected 59 gold pieces.

Inventory:

Hand Weapons
 a - a +2 spear
 b - a +0 short sword
 c - a +2 vorpal flail
 g - a +2 hand axe of venom (weapon)
Armour
 d - a +0 robe (worn)
 e - a +0 helmet (worn)
Jewellery
 l - a ring of protection from cold (left hand)
Scrolls
 h - a scroll of immolation {unknown}
 i - 2 scrolls of teleportation {unknown}
 k - 2 scrolls of identify {unknown}
 n - a scroll of holy word {unknown}
 o - a scroll of noise {unknown}
Potions
 f - a potion of invisibility {unknown}
 j - a potion of heal wounds {unknown}
 m - a potion of haste {unknown}


   Skills:
 + Level 4.2 Fighting
 - Level 1.0 Polearms
 - Level 1.0 Throwing
 - Level 1.5 Dodging
 + Level 6.3 Stealth
 - Level 2.1 Spellcasting
 - Level 1.0 Transmutations


You had 8 spell levels left.
You didn't know any spells.
Your spell library contained the following spells:

 Spells                   Type           Power      Damage    Failure   Level
 Animate Skeleton         Necr           2%         N/A       24%         1
 Pain                     Necr           4%         1d4       24%         1
 Vampiric Draining        Necr           0%         2d6       56%         3


Dungeon Overview and Level Annotations

Branches:
Dungeon (3/15)

Altars:
Xom


Innate Abilities, Weirdness & Mutations

Your serpentine skin is tough. (AC +1)
You have supernaturally acute eyesight. (SInv)
Armour fits poorly on your strangely shaped body.
Your system is resistant to poisons. (rPois)
You cover ground very slowly.
You can spit poison.
You have a snake-like lower body.


Message History

The crimson imp hits you but does no damage.
Unknown command.
You hit the crimson imp.
The crimson imp is moderately wounded.
The crimson imp barely misses you.
The crimson imp shouts, "Crawl home, thou rough-hewn miscreant wagtail!"
You hit the crimson imp.
The crimson imp is moderately wounded.
The crimson imp blinks!
The crimson imp blinks!
The crimson imp enters a dispersal trap!
The crimson imp blinks!
You blink.
The crimson imp blinks!
You hit the crimson imp.
The crimson imp is poisoned.
The crimson imp is moderately wounded.
The crimson imp barely misses you.
The crimson imp laughs crazily.
Unknown command.
You hit the crimson imp but do no damage.
The crimson imp is heavily wounded.
The crimson imp hits you but does no damage.
You closely miss the crimson imp.
The crimson imp is severely wounded.
The crimson imp barely misses you.
The crimson imp blinks!
The crimson imp hits you but does no damage.
Unknown command.
You closely miss the crimson imp.
The crimson imp is severely wounded.
The crimson imp completely misses you.
You hit the crimson imp.
The crimson imp is almost dead.
You hit the crimson imp but do no damage.
You kill the crimson imp!
The crimson imp barely misses you.
Unknown command.
You hit the crimson imp.
The crimson imp is lightly wounded.
The crimson imp hits you with a +1 dagger of chaos.
* * * LOW HITPOINT WARNING * * *
Space warps horribly around you!
You die...

## ### .. .. .. #####
#.# #. #.#.# #####.###
#. #.#^# #.......# #.
#...####.##....######.
+._.'@5..#.....##.....
#...####..........###.
#^#^####.#..........<.
#.#.#....##...########
############.#########
#.†........
###########


You could see a crimson imp.

Vanquished Creatures
  2 crimson imps (D:3)
  Terence (D:2)
  6 gnolls (D:2)
  2 adders (D:2)
  A worm (D:2)
  5 ball pythons
  4 bats
  3 giant cockroaches
  4 goblins
  5 hobgoblins
  5 kobolds
  3 frilled lizards
  2 rats (D:1)
43 creatures vanquished.

Vanquished Creatures (others)
  4 fungi (D:3)
  A plant (D:3)
5 creatures vanquished.

Grand Total: 48 creatures vanquished

Notes
Turn   | Place    | Note
-------+----------+-------------------------------------------
     0 | D:1      | MajorAdolf the Naga Wanderer began the quest for the Orb.
     0 | D:1      | MajorAdolf set off with the following items: a +2 spear, a
                  | +0 short sword, a potion of lignification, a +0 robe
     0 | D:1      | Reached XP level 1. HP: 19/19 MP: 3/3
    27 | D:1      | Reached skill level 2 in Stealth
   498 | D:1      | Reached XP level 2. HP: 20/26 MP: 5/5
   659 | D:1      | Reached skill level 3 in Stealth
  1336 | D:1      | Reached XP level 3. HP: 29/33 MP: 6/6
  1688 | D:2      | Reached skill level 4 in Stealth
  1692 | D:2      | Reached XP level 4. HP: 7/42 MP: 7/7
  1697 | D:2      | Noticed Terence
  1705 | D:2      | Killed Terence
  2078 | D:2      | Reached skill level 5 in Stealth
  2104 | D:2      | Reached XP level 5. HP: 44/50 MP: 8/8
  2532 | D:3      | Found a shimmering altar of Xom.
  2539 | D:3      | Reached skill level 6 in Stealth
  2555 | D:3      | Slain by a crimson imp

Illustrated notes

Levels and vault maps discovered:
D:1:      lightli_iron_boxes, layout_basic, st_stairs_7
D:2:      layout_basic, uniq_terence
D:3:      layout_loops_ring, nicolae_dithmenos_the_darkroom, led_xom_imps,
          dreamdust_ecumenical_altar_hidden_monk_grotto, uniq_robin

Skill      XL: |  1  2  3  4  5 |
---------------+----------------+-----
Stealth        | 2 3 4 5 6 |  6.3
Fighting       | 3 4 |  4.2
Polearms       | |  1.0
Throwing       | |  1.0
Dodging        | |  1.5
Spellcasting   | |  2.1
Transmutations | |  1.0

Action                   |  1- 3 |  4- 6 || total
-------------------------+-------+-------++-------
Melee: Spear             |    25 |       ||    25
       Hand axe          |    37 |    47 ||    84
 Abil: Spit Poison       |     3 |     3 ||     6
  Use: Potion            |     1 |       ||     1
 Stab: Sleeping          |     4 |     5 ||     9
Armor: Robe              |     8 |    15 ||    23
       Skin              |     2 |     6 ||     8
Dodge: Dodged            |    24 |    20 ||    44
